ESL (28 & UNDER)
INTERCOURSE AMISH @ NEWARK BULLDOGS
05/02/2030
 
TOP OF THE 1ST
Intercourse Amish batting - Pitching for Newark Bulldogs : RHP Roberto Carrillo
Pitching: RHP Roberto Carrillo
Batting: LHB Carlos De La Rosa 0-0: Ball
1-0: Ground out 4-3 (Groundball, 4)
Batting: RHB Holden Davis 0-0: Fly out, F7 (Flyball, 78M)
Batting: RHB Júlio Serra 0-0: Ball
1-0: Ball
2-0: Swinging Strike
2-1: Called Strike
2-2: Ball
3-2: Base on Balls
Batting: RHB Gustavo Rodríguez 0-0: Ball
1-0: Fly out, F9 (Flyball, 9D)
Top of the 1st over - 0 runs, 0 hits, 0 errors, 1 left on base; Intercourse 0 - Newark 0
BOTTOM OF THE 1ST
Newark Bulldogs batting - Pitching for Intercourse Amish : RHP Duane Deal
Pitching: RHP Duane Deal
Batting: RHB Bill Bourland 0-0: Ball
1-0: Ground out 5-3 (Groundball, 56)
Batting: LHB Will O'Dell 0-0: Called Strike
0-1: Ball
1-1: Ball
2-1: Ball
3-1: Base on Balls
Batting: LHB Carl Hayden 0-0: Called Strike
0-1: Foul Ball, location: 2F
0-2: Fly out, F8 (Flyball, 78D)
Batting: RHB Jesús Solís 0-0: Called Strike
0-1: Ball
Wild Pitch!
Will O'Dell to second
1-1: Called Strike
1-2: Ball
2-2: Foul Ball, location: 2F
2-2: Strikes out swinging
Bottom of the 1st over - 0 runs, 0 hits, 0 errors, 1 left on base; Intercourse 0 - Newark 0
TOP OF THE 2ND
Intercourse Amish batting - Pitching for Newark Bulldogs : RHP Roberto Carrillo
Batting: RHB Frank Maxwell 0-0: SINGLE (Groundball, 4MD)
Batting: LHB Bruce Foster 0-0: Ball
1-0: Ball
2-0: Ball
3-0: Called Strike
3-1: Called Strike
3-2: Foul Ball, location: 2F
3-2: Foul Ball, location: 2F
3-2: Foul Ball, location: 2F
3-2: SINGLE (Line Drive, 56D)
Frank Maxwell to second
Batting: SHB Sean Moody 0-0: SINGLE (Groundball, 5D)
Frank Maxwell to third
Bruce Foster to second
Batting: RHB Bob Carr 0-0: Swinging Strike
0-1: Foul Ball, location: 2F
0-2: Strikes out swinging
Batting: RHB Curt Wagner 0-0: Called Strike
0-1: Ball
1-1: Foul Ball, location: 2F
1-2: Ball
2-2: Strikes out swinging
Batting: LHB Carlos De La Rosa 0-0: Ball
1-0: SINGLE (Groundball, 34S) (infield hit)
Frank Maxwell scores
Bruce Foster to third
Sean Moody to second
Batting: RHB Holden Davis 0-0: Ball
1-0: Ball
2-0: Foul Ball, location: 2F
2-1: Ball
3-1: Called Strike
3-2: Strikes out swinging
Top of the 2nd over - 1 run, 4 hits, 0 errors, 3 left on base; Intercourse 1 - Newark 0
BOTTOM OF THE 2ND
Newark Bulldogs batting - Pitching for Intercourse Amish : RHP Duane Deal
Batting: RHB Ben Kearley 0-0: Called Strike
0-1: Ball
1-1: Ball
2-1: Ball
3-1: Foul Ball, location: 2F
3-2: SINGLE (Groundball, 34D)
Batting: RHB José Casillán 0-0: Called Strike
0-1: Ball
1-1: Foul Ball, location: 2F
1-2: Ball
2-2: Foul Ball, location: 2F
2-2: Strikes out swinging
Batting: SHB Juan Rodríguez 0-0: Ball
1-0: Foul Ball, location: 2F
1-1: Foul Ball, location: 2F
1-2: Ball
2-2: Strikes out swinging
Batting: RHB Noah Sturges 0-0: Ball
1-0: Ball
2-0: Swinging Strike
2-1: Ball
3-1: Base on Balls
Ben Kearley to second
Batting: RHB Edgardo Hernández 0-0: Ball
1-0: Ball
2-0: Ball
3-0: Called Strike
3-1: Called Strike
3-2: SINGLE (Groundball, 56) (infield hit)
Ben Kearley to third
Noah Sturges to second
Batting: RHB Bill Bourland 0-0: Called Strike
0-1: Called Strike
0-2: Ball
1-2: Foul Ball, location: 2F
1-2: SINGLE (Flyball, 7S)
Ben Kearley scores
Noah Sturges to third
Edgardo Hernández to second
Runner from 3rd tries for Home, SAFE, no throw
Batting: LHB Will O'Dell 0-0: Fly out, F9 (Flyball, 89D)
Bottom of the 2nd over - 2 runs, 3 hits, 0 errors, 2 left on base; Intercourse 1 - Newark 2
TOP OF THE 3RD
Intercourse Amish batting - Pitching for Newark Bulldogs : RHP Roberto Carrillo
Batting: RHB Júlio Serra 0-0: Called Strike
0-1: Called Strike
0-2: Foul Ball, location: 2F
0-2: Ball
1-2: Ball
2-2: Strikes out swinging
Batting: RHB Gustavo Rodríguez 0-0: Called Strike
0-1: Ball
1-1: Called Strike
1-2: Strikes out swinging
Batting: RHB Frank Maxwell 0-0: Ball
1-0: Ball
2-0: SINGLE (Groundball, 56D)
Batting: LHB Bruce Foster 0-0: Swinging Strike
0-1: Foul Ball, location: 2F
0-2: Ball
1-2: Strikes out looking
Top of the 3rd over - 0 runs, 1 hit, 0 errors, 1 left on base; Intercourse 1 - Newark 2
BOTTOM OF THE 3RD
Newark Bulldogs batting - Pitching for Intercourse Amish : RHP Duane Deal
Batting: LHB Carl Hayden 0-0: Ball
1-0: Foul Ball, location: 2F
1-1: Foul Ball, location: 2F
1-2: Foul Ball, location: 2F
1-2: Strikes out swinging, 2-3 out at first.
Batting: RHB Jesús Solís 0-0: Ball
1-0: Foul Ball, location: 2F
1-1: SINGLE (Groundball, 6D)
Batting: RHB Ben Kearley 0-0: Ball
1-0: Ball
Jesús Solís is caught stealing 2nd base
2-0: Foul Ball, location: 2F
2-1: Swinging Strike
2-2: Ball
3-2: Ground out 5-3 (Groundball, 56)
Bottom of the 3rd over - 0 runs, 1 hit, 0 errors, 0 left on base; Intercourse 1 - Newark 2
TOP OF THE 4TH
Intercourse Amish batting - Pitching for Newark Bulldogs : RHP Roberto Carrillo
Batting: SHB Sean Moody 0-0: Swinging Strike
0-1: Foul Ball, location: 2F
0-2: Foul Ball, location: 2F
0-2: Strikes out swinging
Batting: RHB Bob Carr 0-0: Ball
1-0: DOUBLE (Line Drive, 7D)
Batting: RHB Curt Wagner 0-0: Called Strike
0-1: Swinging Strike
0-2: Ball
1-2: Ball
2-2: Strikes out looking
Batting: LHB Carlos De La Rosa 0-0: Ball
1-0: Ball
2-0: Foul Ball, location: 2F
2-1: Swinging Strike
2-2: Ball
3-2: Foul Ball, location: 2F
3-2: Foul Ball, location: 2F
3-2: Fly out, F8 (Flyball, 89M)
Top of the 4th over - 0 runs, 1 hit, 0 errors, 1 left on base; Intercourse 1 - Newark 2
BOTTOM OF THE 4TH
Newark Bulldogs batting - Pitching for Intercourse Amish : RHP Duane Deal
Batting: RHB José Casillán 0-0: Ball
1-0: Foul Ball, location: 2F
1-1: Fly out, F7 (Flyball, 78D)
Batting: SHB Juan Rodríguez 0-0: Ball
1-0: Foul Ball, location: 2F
1-1: Called Strike
1-2: Ball
2-2: Fly out, F7 (Flyball, 7D)
Batting: RHB Noah Sturges 0-0: Ball
1-0: Called Strike
1-1: Called Strike
1-2: Strikes out swinging
Bottom of the 4th over - 0 runs, 0 hits, 0 errors, 0 left on base; Intercourse 1 - Newark 2
TOP OF THE 5TH
Intercourse Amish batting - Pitching for Newark Bulldogs : RHP Roberto Carrillo
Batting: RHB Holden Davis 0-0: Foul Ball, location: 2F
0-1: Ground out 6-3 (Groundball, 6)
Batting: RHB Júlio Serra 0-0: Foul Ball, location: 2F
0-1: Ball
1-1: Ball
2-1: Ground out 6-3 (Groundball, 6S)
Batting: RHB Gustavo Rodríguez 0-0: Ball
1-0: Ball
2-0: Called Strike
2-1: Ball
3-1: Foul Ball, location: 2F
3-2: Strikes out swinging
Top of the 5th over - 0 runs, 0 hits, 0 errors, 0 left on base; Intercourse 1 - Newark 2
BOTTOM OF THE 5TH
Newark Bulldogs batting - Pitching for Intercourse Amish : RHP Duane Deal
Batting: RHB Edgardo Hernández 0-0: Fly out, F9 (Flyball, 9)
Batting: RHB Bill Bourland 0-0: Ground out 6-3 (Groundball, 6)
Batting: LHB Will O'Dell 0-0: Called Strike
0-1: Ball
1-1: Ball
2-1: Foul Ball, location: 2F
2-2: SINGLE (Line Drive, 7S)
Pitching: LHP Rodrigo Álvarez
Batting: LHB Carl Hayden 0-0: Called Strike
0-1: Ball
1-1: Swinging Strike
1-2: Ball
2-2: Strikes out swinging
Bottom of the 5th over - 0 runs, 1 hit, 0 errors, 1 left on base; Intercourse 1 - Newark 2
TOP OF THE 6TH
Intercourse Amish batting - Pitching for Newark Bulldogs : RHP Roberto Carrillo
Batting: RHB Frank Maxwell 0-0: SINGLE (Groundball, 6MD)
Batting: LHB Bruce Foster 0-0: Called Strike
0-1: Ball
1-1: Called Strike
1-2: Foul Ball, location: 2F
1-2: Ball
2-2: Foul Ball, location: 2F
2-2: Strikes out swinging
Batting: SHB Sean Moody 0-0: Ball
1-0: Ball
2-0: Called Strike
2-1: Foul Ball, location: 2F
2-2: Ball
3-2: Foul Ball, location: 2F
3-2: Base on Balls
Frank Maxwell to second
Batting: RHB Bob Carr 0-0: Called Strike
0-1: Ball
1-1: Foul Ball, location: 2F
1-2: Foul Ball, location: 2F
1-2: Strikes out swinging
Batting: RHB Curt Wagner 0-0: Ball
1-0: Ball
2-0: Ball
3-0: Base on Balls
Frank Maxwell to third
Sean Moody to second
Batting: LHB Carlos De La Rosa 0-0: Fly out, F8 (Flyball, 8RM)
Top of the 6th over - 0 runs, 1 hit, 0 errors, 3 left on base; Intercourse 1 - Newark 2
BOTTOM OF THE 6TH
Newark Bulldogs batting - Pitching for Intercourse Amish : LHP Rodrigo Álvarez
Batting: RHB Jesús Solís 0-0: Ball
1-0: Ball
2-0: Ball
3-0: Called Strike
3-1: DOUBLE (Line Drive, 7LM)
Batting: RHB Ben Kearley 0-0: Ball
1-0: Swinging Strike
1-1: Fly out, F6 (Popup, 6)
Batting: RHB José Casillán 0-0: Intentional Walk
Batting: SHB Juan Rodríguez 0-0: Ball
1-0: Foul Ball, location: 2F
1-1: Called Strike
1-2: Ball
2-2: Ball
3-2: Ground out U3 (Groundball, 34S)
Jesús Solís to third
José Casillán to second
Batting: RHB Noah Sturges 0-0: Foul Ball, location: 2F
0-1: Ball
1-1: Ball
2-1: SINGLE (Line Drive, 4MD)
Jesús Solís scores
José Casillán to third
Runner from 3rd tries for Home, SAFE, no throw
Pitching: RHP Jonathan Anderson
Batting: RHB Edgardo Hernández 0-0: 2-RUN HOME RUN (Flyball, 7D), Distance : 366 ft
Batting: RHB Bill Bourland 0-0: Ball
1-0: Ball
2-0: Ball
3-0: Base on Balls
Batting: LHB Will O'Dell 0-0: Called Strike
0-1: Ball
1-1: Fly out, F7 (Flyball, 7LS)
Bottom of the 6th over - 4 runs, 3 hits, 0 errors, 1 left on base; Intercourse 1 - Newark 6
TOP OF THE 7TH
Intercourse Amish batting - Pitching for Newark Bulldogs : RHP Roberto Carrillo
Batting: RHB Holden Davis 0-0: Ball
1-0: Called Strike
1-1: Swinging Strike
1-2: Foul Ball, location: 2F
1-2: Ball
2-2: Strikes out swinging
Batting: RHB Júlio Serra 0-0: Swinging Strike
0-1: Swinging Strike
0-2: Ball
1-2: Strikes out looking
Batting: RHB Gustavo Rodríguez 0-0: Ball
1-0: Called Strike
1-1: Ball
2-1: Ball
3-1: Swinging Strike
3-2: Foul Ball, location: 2F
3-2: Base on Balls
Pitching: LHP Josh Wall
Batting: RHB Frank Maxwell 0-0: Ball
Balk!
Gustavo Rodríguez to second
1-0: Ball
2-0: Ball
3-0: Called Strike
3-1: Base on Balls
Batting: LHB Bruce Foster 0-0: Foul Ball, location: 2F
0-1: Ball
1-1: Ground out 4-3 (Groundball, 4)
Top of the 7th over - 0 runs, 0 hits, 0 errors, 2 left on base; Intercourse 1 - Newark 6
BOTTOM OF THE 7TH
Newark Bulldogs batting - Pitching for Intercourse Amish : RHP Jonathan Anderson
Batting: LHB Carl Hayden 0-0: Ball
1-0: Ball
2-0: Foul Ball, location: 2F
2-1: Foul Ball, location: 2F
2-2: Ball
3-2: Foul Ball, location: 2F
3-2: SINGLE (Line Drive, 56D)
Batting: RHB Jesús Solís 0-0: Called Strike
0-1: Swinging Strike
0-2: Ball
1-2: Ball
2-2: Foul Ball, location: 2F
2-2: Grounds into double play, 6-4-3 (Groundball, 56D)
Batting: RHB Ben Kearley 0-0: Called Strike
0-1: Fly out, F7 (Line Drive, 7)
Bottom of the 7th over - 0 runs, 1 hit, 0 errors, 0 left on base; Intercourse 1 - Newark 6
TOP OF THE 8TH
Intercourse Amish batting - Pitching for Newark Bulldogs : LHP Josh Wall
Batting: SHB Sean Moody 0-0: Foul Ball, location: 2F
0-1: Foul Ball, location: 2F
0-2: SINGLE (Line Drive, 56)
Batting: RHB Bob Carr 0-0: Foul Ball, location: 2F
0-1: SINGLE (Line Drive, 7LS)
Sean Moody to second
Batting: RHB Curt Wagner 0-0: Called Strike
0-1: Swinging Strike
0-2: Ball
1-2: SINGLE (Line Drive, 89M)
Sean Moody to third
Bob Carr to second
Batting: LHB Carlos De La Rosa 0-0: Fielders Choice at 2nd, 3-6 (Groundball, 3)
Sean Moody scores
Bob Carr to third
Pitching: RHP Gerald Dunham
Batting: RHB Holden Davis 0-0: Called Strike
0-1: Ball
1-1: Fly out, F8 (Flyball, 8RM)
Runner from 3rd tags up, SCORES, throw made
Batting: RHB Júlio Serra 0-0: Ball
1-0: TRIPLE (Line Drive, 8LXD)
Carlos De La Rosa scores
Batting: RHB Gustavo Rodríguez 0-0: Fly out, F2 (Popup, 3SF)
Top of the 8th over - 3 runs, 4 hits, 0 errors, 1 left on base; Intercourse 4 - Newark 6
BOTTOM OF THE 8TH
Newark Bulldogs batting - Pitching for Intercourse Amish : RHP Jonathan Anderson
Batting: RHB José Casillán 0-0: Foul Ball, location: 2F
0-1: Foul Ball, location: 2F
0-2: Ball
1-2: Fly out, F9 (Flyball, 89S)
Batting: SHB Juan Rodríguez 0-0: Ball
1-0: Ball
2-0: Foul Ball, location: 2F
2-1: Foul Ball, location: 2F
2-2: Fly out, F4 (Line Drive, 4)
Batting: RHB Noah Sturges 0-0: Ball
1-0: Foul Ball, location: 2F
1-1: Ball
2-1: Hit by Pitch
Batting: RHB Edgardo Hernández 0-0: Ball
Noah Sturges steals 2nd base
1-0: Called Strike
1-1: Swinging Strike
1-2: Ball
2-2: Ball
3-2: Foul Ball, location: 2F
3-2: Fly out, F8 (Flyball, 8RD)
Bottom of the 8th over - 0 runs, 0 hits, 0 errors, 1 left on base; Intercourse 4 - Newark 6
TOP OF THE 9TH
Intercourse Amish batting - Pitching for Newark Bulldogs : RHP Gerald Dunham
Pitching: RHP Bart Brown
Batting: RHB Frank Maxwell 0-0: Called Strike
0-1: Swinging Strike
0-2: Ball
1-2: Ground out 1-3 (Groundball, 13S)
Batting: LHB Bruce Foster 0-0: Called Strike
0-1: SINGLE (Groundball, 4D)
Batting: SHB Sean Moody 0-0: Called Strike
0-1: Swinging Strike
0-2: Foul Ball, location: 2F
0-2: Ball
1-2: Ball
2-2: Foul Ball, location: 2F
2-2: Ball
3-2: SINGLE (Groundball, 34D)
Bruce Foster to second
Pinch Hitting: LHB Jesús Raugel 0-0: Ball
1-0: Foul Ball, location: 2F
1-1: Ground out 4-3 (Groundball, 34D)
Bruce Foster to third
Sean Moody to second
Pinch Hitting: RHB Brian Stewart 0-0: Called Strike
0-1: Ground out 5-3 (Groundball, 56S)
Top of the 9th over - 0 runs, 2 hits, 0 errors, 2 left on base; Intercourse 4 - Newark 6
Saturday, April 7th, 2018 - OOTP Baseball 18.8 Build 76